 Dungeon Crawl Stone Soup version 0.29.0-4-gdea44cf6ec (webtiles) character file.

Game seed: 587573180494843716

1267 qw the Cleaver (level 8, 0/70 HPs)
             Began as a Minotaur Berserker on Sept 5, 2022.
             Was a Priest of Trog.
             Slain by a river rat (2 damage)
             ... on level 5 of the Dungeon.
             The game lasted 00:01:49 (5583 turns).

qw the Cleaver (Minotaur Berserker)                 Turns: 5583, Time: 00:01:49

Health: 0/70       AC:  6    Str: 25    XL:     8   Next: 27%
Magic:  7/7        EV: 10    Int:  4    God:    Trog [***...]
Gold:   199        SH:  0    Dex:  9    Spells: 7/7 levels left

rFire   . . .      SeeInvis .   o - +0 war axe (venom)
rCold   . . .      Faith    .   (no shield)
rNeg    . . .      Spirit   .   b - +0 scale mail
rPois   .          Reflect  .   (helmet restricted)
rElec   .          Harm     .   (no cloak)
rCorr   .          Rampage  .   (no gloves)
Will    .....                   (no boots)
Stlth   ..........              f - amulet of the acrobat
HPRegen 0.21/turn               (no ring)
MPRegen 0.10/turn               (no ring)

@: on berserk cooldown, slowed, very slow
A: horns 2, retaliatory headbutt
a: Renounce Religion, Berserk, Trog's Hand


You were on level 5 of the Dungeon.
You worshipped Trog.
Trog was most pleased with you.
You visited 1 branch of the dungeon, and saw 5 of its levels.

You collected 199 gold pieces.


Innate Abilities, Weirdness & Mutations

You have a pair of horns on your head.
You reflexively headbutt those who attack you in melee.


   Skills:
 - Level 6.0 Fighting
 + Level 11.1 Axes
 - Level 2.1 Throwing
 - Level 2.4 Armour
 - Level 2.1 Dodging


You had 7 spell levels left.
You didn't know any spells.
Your spell library was empty.

Inventory:

Hand Weapons
 n - a +0 morningstar
 o - a +0 war axe of venom (weapon)
Missiles
 a - 7 boomerangs (quivered)
Armour
 b - a +0 scale mail (worn)
 e - a +0 robe of resistance
 r - a +0 pair of gloves
 t - a +0 chain mail
Jewellery
 f - an amulet of the acrobat (around neck)
 s - a ring of magical power
Scrolls
 d - 2 scrolls of identify
 p - a scroll of amnesia {unknown}
 q - a scroll of teleportation {unknown}
Potions
 c - a potion of haste
 g - a potion of heal wounds {unknown}
 h - a potion of ambrosia {unknown}
 i - a potion of might {unknown}
 j - a potion of mutation {unknown}
 k - a potion of flight {unknown}
 l - a potion of curing {unknown}
 m - a potion of berserk rage {unknown}

Dungeon Overview and Level Annotations

Branches:
Dungeon (5/15)
 Temple: D:4-7

Altars:
The Shining One

Annotations:
D:3 1 runed translucent door, qw's ghost, amateur BaCK


Message History

You kill the hell rat!
Trog accepts your kill.
You hear a deafening roar!
Your life force feels restored.
Your Axes skill increases to level 11!
A hell rat and 2 river rats come into view.
Found the +2 ratskin cloak {*Rats rPois rN+ Str-1 Int-1 Dex+1}.
The hell rat roars deafeningly!
The river rat bites you. The river rat barely misses you.
The river rat completely misses you. The river rat bites you.
You see here a river rat corpse.
You slash the river rat!
The river rat is poisoned.
You headbutt the river rat.
You kill the river rat!
Trog accepts your kill.
You barely miss the river rat. You hit the river rat.
The river rat is poisoned.
You closely miss the river rat. The river rat barely misses you.
The river rat twitches its whiskers.
The river rat misses you. You furiously retaliate!
You headbutt the river rat!
You kill the river rat!
Trog accepts your kill.
You slice the river rat!!
You kill the river rat!
Trog accepts your kill.
You slash the hell rat!
The hell rat is poisoned.
You closely miss the river rat. You slash the hell rat!
You kill the hell rat!
Trog accepts your kill.
You closely miss the river rat.
You are no longer berserk.
You are exhausted.
You feel yourself slow down.
The river rat bites you but does no damage.
You barely miss the river rat. Your headbutt misses the river rat.
You barely miss the river rat. You slash the river rat!
You kill the river rat!
Trog accepts your kill. The river rat bites you.
You die...

.%.#.##...# #########
.........####.#...#.###
##.....###...#.###.#..##
...#...##.###### #####.##
.####..#.######. ...##.###
###....##..##... #...[##..##
..)..#..###.##..#.....####.#
###..##)##.##..rr%..# ##.##
....(...#.## #@#######.#.#
#..####.##.##...#.%.##..####
#.## #.##.%###...%.%.####
#.# #..#..############.# #.#
##.###.##..........#
..######........#...(.####
.###................>.#
.###.#####.#..........#
..............###.....#


You could see 2 river rats.

Vanquished Creatures
  2 black bears
  An ogre (D:5)
  2 centaurs
  A kobold brigand (D:5)
  A necrophage (D:5)
  A scorpion (D:5)
  A howler monkey (D:4)
  3 hounds
  Terence (D:2)
  An iguana (D:5)
  An orc wizard (D:4)
  6 hell rats (D:5)
  4 adders
  17 river rats (D:5)
  A shadow imp (D:4)
  3 worms
  A dart slug (D:3)
  15 orcs
  12 ball pythons
  5 endoplasms
  2 giant cockroaches (D:1)
  11 goblins
  7 hobgoblins
  2 jackals (D:2)
  13 kobolds
  4 quokkas
  A bat (D:3)
  2 frilled lizards (D:3)
  8 rats
129 creatures vanquished.

Notes
Turn   | Place    | Note
-------+----------+-------------------------------------------
     0 | D:1      | qw the Minotaur Berserker began the quest for the Orb.
     0 | D:1      | Reached XP level 1. HP: 19/19 MP: 0/0
     0 | D:1      | 0 ||| qw: Version: 0.1-a-104-g96f76f8
     0 | D:1      | 0 ||| qw: Game counter: 5913
     0 | D:1      | 0 ||| qw: Always use a shield: true
     0 | D:1      | 0 ||| qw: Do Orc after D:15 true
     0 | D:1      | 0 ||| qw: Do second Lair branch before Depths: true
     0 | D:1      | 0 ||| qw: Lair rune preference: random
     0 | D:1      | 0 ||| qw: Plans: Normal
     0 | D:1      | 0 ||| PLANNING D:1-11
    41 | D:1      | 41 ||| Stepping ~*~*~tactically~*~*~ (stealth).
    90 | D:1      | Reached skill level 4 in Axes
   151 | D:1      | 151 ||| Stepping ~*~*~tactically~*~*~ (stealth).
   153 | D:1      | 153 ||| Stepping ~*~*~tactically~*~*~ (stealth).
   353 | D:1      | Reached XP level 2. HP: 26/26 MP: 1/1
   650 | D:1      | 650 ||| DROPPING +0 club.
   682 | D:1      | 682 ||| Stepping ~*~*~tactically~*~*~ (stealth).
   684 | D:1      | 684 ||| Stepping ~*~*~tactically~*~*~ (stealth).
  1065 | D:1      | Reached ** piety under Trog
  1066 | D:1      | Reached skill level 5 in Axes
  1236 | D:1      | Found a faded altar of an unknown god.
  1250 | D:1      | 1250 ||| UPGRADING to +0 ring mail.
  1260 | D:1      | 1260 ||| DROPPING +0 animal skin.
  1261 | D:1      | 1261 ||| READING scroll labelled VASAOF JACS.
  1262 | D:1      | 1262 ||| READING scroll labelled NIMOS SAHAI.
  1263 | D:1      | 1263 ||| READING scroll labelled HIRA HOIFONOLL.
  1264 | D:1      | 1264 ||| Stepping randomly (stuck).
  1265 | D:1      | 1265 ||| Stepping ~*~*~tactically~*~*~ (cloud).
  1493 | D:2      | Reached XP level 3. HP: 24/31 MP: 2/2
  1566 | D:2      | Identified the -1 helmet of Impatience {rElec}
  1628 | D:2      | Noticed Terence
  1634 | D:2      | 1634 ||| INVOKING Berserk.
  1636 | D:2      | Killed Terence
  1717 | D:2      | 1717 ||| Stepping ~*~*~tactically~*~*~ (stealth).
  1718 | D:2      | 1718 ||| Stepping ~*~*~tactically~*~*~ (stealth).
  1720 | D:2      | 1720 ||| Stepping ~*~*~tactically~*~*~ (stealth).
  1809 | D:2      | 1809 ||| Stepping ~*~*~tactically~*~*~ (stealth).
  1816 | D:2      | Reached XP level 4. HP: 37/39 MP: 3/3
  1817 | D:2      | Reached skill level 6 in Axes
  1926 | D:2      | 1926 ||| INVOKING Berserk.
  2242 | D:2      | 2242 ||| Stepping ~*~*~tactically~*~*~ (stealth).
  2483 | D:2      | 2483 ||| UPGRADING to +0 scale mail.
  2493 | D:2      | 2493 ||| DROPPING +0 ring mail.
  2494 | D:2      | 2494 ||| READING scroll labelled DERELUO GESM.
  2495 | D:2      | 2495 ||| READING scroll labelled HAMMEGUCIM.
  2496 | D:2      | 2496 ||| READING scroll labelled BOEHOE CIFF.
  2497 | D:2      | 2497 ||| DRINKING 2 sapphire potions.
  2498 | D:2      | 2498 ||| DRINKING 2 brown potions.
  2521 | D:2      | 2521 ||| DROPPING potion of lignification.
  2680 | D:3      | 2680 ||| Stepping ~*~*~tactically~*~*~ (stealth).
  2682 | D:3      | 2682 ||| Stepping ~*~*~tactically~*~*~ (hiding).
  2683 | D:3      | 2683 ||| Stepping ~*~*~tactically~*~*~ (hiding).
  2812 | D:3      | Found a runed translucent door.
  2818 | D:3      | Noticed qw's ghost (amateur BaCK)
  3049 | D:3      | 3049 ||| READING scroll labelled LAGGEVUHATE.
  3050 | D:3      | 3050 ||| DRINKING 2 bubbling coppery potions.
  3051 | D:3      | 3051 ||| READING 2 scrolls of identify.
  3051 | D:3      | 3051 ||| IDENTIFYING cyan potion
  3052 | D:3      | 3052 ||| DROPPING potion of degeneration.
  3053 | D:3      | 3053 ||| DROPPING potion of brilliance.
  3066 | D:4      | 3066 ||| PLANNING OSSUARY
  3069 | D:4      | 3069 ||| INVOKING Berserk.
  3084 | D:4      | Reached skill level 7 in Axes
  3084 | D:4      | Reached XP level 5. HP: 31/45 MP: 4/4
  3095 | D:4      | 3095 ||| FLEEEEING.
  3096 | D:4      | 3096 ||| FLEEEEING.
  3097 | D:4      | 3097 ||| STAIRDANCE
  3279 | D:4      | 3279 ||| STAIRDANCE
  3304 | D:4      | 3304 ||| DROPPING +0 whip.
  3434 | D:4      | Noticed a black bear
  3435 | D:4      | 3435 ||| INVOKING Berserk.
  3437 | D:4      | Killed a black bear
  3438 | D:4      | Reached skill level 8 in Axes
  3438 | D:4      | Reached XP level 6. HP: 52/52 MP: 5/5
  3583 | D:4      | Reached *** piety under Trog
  3589 | D:4      | 3589 ||| INVOKING Berserk.
  3641 | D:4      | 3641 ||| RIP OSSUARY
  3762 | D:4      | 3762 ||| PLANNING D:1-11
  3782 | D:4      | Found a glowing golden altar of the Shining One.
  3863 | D:4      | 3863 ||| DROPPING +0 flail.
  3964 | D:4      | 3964 ||| UPGRADING to amulet of the acrobat.
  4004 | D:5      | Entered Level 5 of the Dungeon
  4013 | D:5      | 4013 ||| STAIRDANCE
  4082 | D:5      | 4082 ||| INVOKING Berserk.
  4085 | D:5      | Reached skill level 9 in Axes
  4088 | D:5      | HP: 10/52 [poisoned by a scorpion]
  4089 | D:5      | 4089 ||| INVOKING Trog's Hand.
  4093 | D:5      | HP: 8/52 [poisoned by a scorpion]
  4095 | D:5      | 4095 ||| FLEEEEING.
  4097 | D:5      | 4097 ||| STAIRDANCE
  4292 | D:5      | 4292 ||| Stepping ~*~*~tactically~*~*~ (hiding).
  4293 | D:5      | 4293 ||| STAIRDANCE
  4400 | D:5      | 4400 ||| STAIRDANCE
  4488 | D:4      | 4488 ||| SWAPPING to +0 war axe of venom.
  4489 | D:4      | 4489 ||| DROPPING +1 hand axe.
  4493 | D:5      | 4493 ||| STAIRDANCE
  4575 | D:5      | 4575 ||| STAIRDANCE
  4727 | D:5      | 4727 ||| STAIRDANCE
  4733 | D:4      | Reached XP level 7. HP: 54/60 MP: 6/6
  4848 | D:5      | 4848 ||| INVOKING Berserk.
  5127 | D:5      | 5127 ||| INVOKING Berserk.
  5130 | D:5      | Reached skill level 10 in Axes
  5158 | D:5      | 5158 ||| Stepping ~*~*~tactically~*~*~ (stealth).
  5165 | D:5      | 5165 ||| FLEEEEING.
  5166 | D:5      | 5166 ||| FLEEEEING.
  5167 | D:5      | 5167 ||| FLEEEEING.
  5168 | D:5      | 5168 ||| FLEEEEING.
  5169 | D:5      | 5169 ||| FLEEEEING.
  5170 | D:5      | 5170 ||| FLEEEEING.
  5206 | D:5      | 5206 ||| INVOKING Berserk.
  5320 | D:5      | 5320 ||| Stepping ~*~*~tactically~*~*~ (stealth).
  5324 | D:5      | 5324 ||| Stepping ~*~*~tactically~*~*~ (hiding).
  5335 | D:5      | Reached skill level 6 in Fighting
  5443 | D:5      | Reached XP level 8. HP: 70/70 MP: 7/7
  5550 | D:5      | 5550 ||| Stepping ~*~*~tactically~*~*~ (stealth).
  5562 | D:5      | 5562 ||| INVOKING Berserk.
  5564 | D:5      | HP: 23/100 [river rat (3)]
  5571 | D:5      | HP: 14/102 [hell rat (9)]
  5572 | D:5      | HP: 5/100 [hell rat (9)]
  5579 | D:5      | Reached skill level 11 in Axes
  5579 | D:5      | Found the +2 ratskin cloak {*Rats rPois rN+ Str-1 Int-1
                  | Dex+1}
  5579 | D:5      | HP: 4/105 [river rat (1)]
  5583 | D:5      | Slain by a river rat

Levels and vault maps discovered:
D:1:      saegor_arrival_simple_b, layout_basic,
          shapermc_ecumenical_altar_acropolis, minmay_tromino_i2
D:2:      layout_loops_ring, uniq_terence
D:3:      layout_rooms, ebering_ghost_reflecting_pool
D:4:      layout_rooms, kennysheep_mini, lightli_ossuary_entry_decrepit_ruins
D:5:      wander_guarded_unrand_ratskin, layout_rooms,
          kiku_gazebo_garden_becter, uniq_menkaure

Skill      XL: |  1  2  3  4  5  6  7  8 |
---------------+-------------------------+-----
Axes           | 4 5 7 8 9 10 11 | 11.1
Fighting       | 4 6 |  6.0
Throwing       | 2 |  2.1
Armour         | |  2.4
Dodging        | |  2.1

Action                   |  1- 3 |  4- 6 |  7- 9 || total
-------------------------+-------+-------+-------++-------
Melee: Hand axe          |    69 |   130 |       ||   199
       Headbutt          |    11 |    15 |    17 ||    43
       War axe           |       |     5 |    85 ||    90
Throw: Boomerang         |       |    56 |    10 ||    66
Invok: Berserk           |     1 |     5 |     4 ||    10
       Trog's Hand       |       |     1 |       ||     1
  Use: Scroll            |     3 |     5 |       ||     8
       Potion            |       |     3 |       ||     3
Armor: Animal skin       |     5 |       |       ||     5
       Ring mail         |    11 |     7 |       ||    18
       Scale mail        |       |    25 |    22 ||    47
Dodge: Dodged            |    31 |    61 |    43 ||   135

Table legend:
 A = Non-vault XP
 B = Vault XP
 C = Vault XP percentage of total XP
 D = Non-vault monster count
 E = Vault monster count
 F = Vault count percentage of total count
                 A         B        C        D         E       F
            +---------+---------+-------+---------+---------+-------
      Total |    1361 |     463 |  25.4 |     103 |      26 |  20.2
            +---------+---------+-------+---------+---------+-------
        D:1 |      32 |       4 |  11.1 |      19 |       2 |   9.5
        D:2 |      58 |      36 |  38.3 |      19 |       1 |   5.0
        D:3 |      54 |       0 |   0.0 |      22 |       0 |   0.0
        D:4 |     450 |       0 |   0.0 |      28 |       0 |   0.0
        D:5 |     767 |     423 |  35.5 |      15 |      23 |  60.5
            +---------+---------+-------+---------+---------+-------
